TOP OF THE 1ST |
Nashville Outlaws batting - Pitching for Cleveland Browns : RHP Kelemeneke Balun
|
Pitching: RHP Kelemeneke Balun
|
|
Batting: LHB Bartolo Soto
|
0-0: DOUBLE (Groundball, 5L, EV 110.0 MPH)
|
Batting: RHB Jerry Yates
|
0-0: SINGLE (Groundball, 6MD, EV 97.5 MPH) Bartolo Soto to third Runner from 3rd tries for Home, SAFE, throw by CF to home
|
Batting: RHB Javier Sierra
|
0-0: Ball 1-0: Ball 2-0: Swinging Strike 2-1: Ball 3-1: Base on Balls Jerry Yates to second
|
Batting: LHB Scott Kerin
|
0-0: Ball 1-0: Ball 2-0: Ball 3-0: Base on Balls Jerry Yates to third Javier Sierra to second
|
Batting: LHB Mario Ramos
|
0-0: Ball 1-0: Ball 2-0: Ball 3-0: Called Strike 3-1: Fly out, F7 (Flyball, 7D, EV 96.9 MPH) Runner from 3rd tags up, SCORES, throw by LF Javier Sierra to third
|
Batting: LHB Tom Burton
|
0-0: Swinging Strike 0-1: Foul Ball, location: 2F 0-2: Ball 1-2: Ball 2-2: Fielders Choice at 2nd, 1-6 (Groundball, 34S, EV 61.2 MPH)
|
Batting: RHB Arnold Giroux
|
0-0: Called Strike 0-1: Ball 1-1: Ball 2-1: Swinging Strike 2-2: Strikes out swinging
|
Top of the 1st over - 2 runs, 2 hits, 0 errors, 2 left on base; Nashville 2 - Cleveland 0 |
BOTTOM OF THE 1ST |
Cleveland Browns batting - Pitching for Nashville Outlaws : RHP Won-sup Yang
|
Pitching: RHP Won-sup Yang
|
|
Batting: RHB Mario Álvarez
|
0-0: Called Strike 0-1: Ground out 5-3 (Groundball, 5S, EV 83.8 MPH)
|
Batting: SHB Pedro Vázquez
|
0-0: Ball 1-0: Ball 2-0: Called Strike 2-1: Called Strike 2-2: SINGLE (Groundball, 6S, EV 67.5 MPH) (infield hit)
|
Batting: RHB Rob Brooks
|
0-0: Called Strike 0-1: Fly out, F8 (Flyball, 78S, EV 89.4 MPH)
|
Batting: RHB Shimei Miura
|
0-0: Called Strike 0-1: Called Strike 0-2: DOUBLE (Flyball, 78D, EV 101.9 MPH) Pedro Vázquez to third Runner from 3rd tries for Home, SAFE, no throw by LF
|
Batting: RHB Carlos Rojas
|
0-0: Called Strike 0-1: Called Strike 0-2: Ground out 5-3 (Groundball, 56, EV 98.1 MPH)
|
Bottom of the 1st over - 1 run, 2 hits, 0 errors, 1 left on base; Nashville 2 - Cleveland 1 |
TOP OF THE 2ND |
Nashville Outlaws batting - Pitching for Cleveland Browns : RHP Kelemeneke Balun
|
Batting: RHB Orlando Reyes
|
0-0: Ball 1-0: Foul Ball, location: 2F 1-1: Ball 2-1: Swinging Strike 2-2: Ball 3-2: Ground out 5-3 (Groundball, 56, EV 91.2 MPH)
|
Batting: RHB Bryan Clifton
|
0-0: Fly out, F9 (Flyball, 9D, EV 101.2 MPH)
|
Batting: LHB Bartolo Soto
|
0-0: Ball 1-0: Called Strike 1-1: Called Strike 1-2: Ground out 4-3 (Groundball, 4, EV 79.4 MPH)
|
Top of the 2nd over - 0 runs, 0 hits, 0 errors, 0 left on base; Nashville 2 - Cleveland 1 |
BOTTOM OF THE 2ND |
Cleveland Browns batting - Pitching for Nashville Outlaws : RHP Won-sup Yang
|
Batting: RHB Manuel Guillama
|
0-0: Ball 1-0: Ground out 1-3 (Groundball, 13, EV 74.4 MPH)
|
Batting: LHB Shigenobu Ohayashi
|
0-0: Called Strike 0-1: Ball 1-1: Ground out 4-3 (Groundball, 4, EV 101.9 MPH)
|
Batting: LHB Henry Madore
|
0-0: Ball 1-0: Bunted foul 1-1: Fly out, F6 (Popup, 6M, EV 36.9 MPH)
|
Bottom of the 2nd over - 0 runs, 0 hits, 0 errors, 0 left on base; Nashville 2 - Cleveland 1 |
TOP OF THE 3RD |
Nashville Outlaws batting - Pitching for Cleveland Browns : RHP Kelemeneke Balun
|
Batting: RHB Jerry Yates
|
0-0: Called Strike 0-1: DOUBLE (Line Drive, 7LM, EV 104.4 MPH)
|
Batting: RHB Javier Sierra
|
0-0: Fly out, F7 (Flyball, 7S, EV 90.6 MPH) Runner from 2nd tags up, OUT at 3rd! 7-5
|
Batting: LHB Scott Kerin
|
0-0: Foul Ball, location: 2F 0-1: Swinging Strike 0-2: Foul Ball, location: 2F 0-2: Foul Ball, location: 2F 0-2: Ball 1-2: Ball 2-2: Ball 3-2: Fly out, F8 (Flyball, 78D, EV 90.6 MPH)
|
Top of the 3rd over - 0 runs, 1 hit, 0 errors, 0 left on base; Nashville 2 - Cleveland 1 |
BOTTOM OF THE 3RD |
Cleveland Browns batting - Pitching for Nashville Outlaws : RHP Won-sup Yang
|
Batting: RHB Felix Plugge
|
0-0: Ball 1-0: Single, Error in OF, E7, batter to second base (Line Drive, 5D, EV 95.6 MPH)
|
Batting: RHB Mario Álvarez
|
0-0: Ball 1-0: Ball 2-0: Called Strike 2-1: Ball 3-1: Base on Balls
|
Batting: SHB Pedro Vázquez
|
0-0: Foul Ball, location: 2F 0-1: Reached on error, E5 (Groundball, 56, EV 80.0 MPH) Felix Plugge to third Mario Álvarez to second
|
Batting: RHB Rob Brooks
|
0-0: Ball 1-0: Foul Ball, location: 2F 1-1: Ball 2-1: Ball 3-1: Foul Ball, location: 2F 3-2: Foul Ball, location: 2F 3-2: DOUBLE (Flyball, 8LXD, EV 99.4 MPH) Felix Plugge scores Mario Álvarez scores Pedro Vázquez to third Runner from 3rd tries for Home, SAFE, throw by CF to home
|
Batting: RHB Shimei Miura
|
0-0: Ball 1-0: Ball 2-0: Fly out, F8 (Line Drive, 8LD, EV 96.2 MPH)
|
Batting: RHB Carlos Rojas
|
0-0: Ball 1-0: Ball 2-0: Ground out 1-3 (Groundball, 23, EV 63.8 MPH) Rob Brooks to third
|
Batting: RHB Manuel Guillama
|
0-0: Ball 1-0: Fly out, F9 (Flyball, 9, EV 77.5 MPH)
|
Bottom of the 3rd over - 3 runs, 2 hits, 2 errors, 1 left on base; Nashville 2 - Cleveland 4 |
TOP OF THE 4TH |
Nashville Outlaws batting - Pitching for Cleveland Browns : RHP Kelemeneke Balun
|
Batting: LHB Mario Ramos
|
0-0: Fly out, F7 (Line Drive, 7, EV 86.9 MPH)
|
Batting: LHB Tom Burton
|
0-0: Ball 1-0: Ball 2-0: Fly out, F8 (Line Drive, 8LD, EV 91.2 MPH)
|
Batting: RHB Arnold Giroux
|
0-0: Ball 1-0: Foul Ball, location: 2F 1-1: Swinging Strike 1-2: Strikes out looking
|
Top of the 4th over - 0 runs, 0 hits, 0 errors, 0 left on base; Nashville 2 - Cleveland 4 |
BOTTOM OF THE 4TH |
Cleveland Browns batting - Pitching for Nashville Outlaws : RHP Won-sup Yang
|
Batting: LHB Shigenobu Ohayashi
|
0-0: Ball 1-0: Foul Ball, location: 2F 1-1: SINGLE (Groundball, 34D, EV 98.8 MPH)
|
Batting: LHB Henry Madore
|
0-0: DOUBLE (Flyball, 9LD, EV 107.5 MPH) Shigenobu Ohayashi to third
|
Batting: RHB Felix Plugge
|
0-0: Called Strike 0-1: Ground out 3-1 (Groundball, 34, EV 103.1 MPH) Shigenobu Ohayashi scores Henry Madore to third
|
Batting: RHB Mario Álvarez
|
0-0: Ball 1-0: Ball 2-0: Called Strike 2-1: Ground out 4-3 (Groundball, 4S, EV 64.4 MPH) Henry Madore scores
|
Batting: SHB Pedro Vázquez
|
0-0: Ball 1-0: Foul Ball, location: 2F 1-1: Ball 2-1: Foul Ball, location: 2F 2-2: Ground out U3 (Groundball, 3, EV 82.5 MPH)
|
Bottom of the 4th over - 2 runs, 2 hits, 0 errors, 0 left on base; Nashville 2 - Cleveland 6 |
TOP OF THE 5TH |
Nashville Outlaws batting - Pitching for Cleveland Browns : RHP Kelemeneke Balun
|
Batting: RHB Orlando Reyes
|
0-0: Foul Ball, location: 2F 0-1: Called Strike 0-2: Foul Ball, location: 2F 0-2: Ball 1-2: Ball 2-2: Ground out 6-3 (Groundball, 6, EV 78.8 MPH)
|
Batting: RHB Bryan Clifton
|
0-0: Called Strike 0-1: SINGLE (Line Drive, 9S, EV 85.6 MPH)
|
Batting: LHB Bartolo Soto
|
0-0: Called Strike 0-1: Foul Ball, location: 2F 0-2: Ball 1-2: Fly out, F9 (Line Drive, 9, EV 97.5 MPH)
|
Batting: RHB Jerry Yates
|
0-0: Ball 1-0: Ball 2-0: DOUBLE (Line Drive, 9LS, EV 105.6 MPH) Bryan Clifton to third Runner from 3rd tries for Home, SAFE, throw by RF to trailing runner, SAFE at third!
|
Batting: RHB Javier Sierra
|
0-0: Called Strike 0-1: Ball 1-1: Fly out, F9 (Flyball, 9S, EV 90.0 MPH)
|
Top of the 5th over - 1 run, 2 hits, 0 errors, 1 left on base; Nashville 3 - Cleveland 6 |
BOTTOM OF THE 5TH |
Cleveland Browns batting - Pitching for Nashville Outlaws : RHP Won-sup Yang
|
Batting: RHB Rob Brooks
|
0-0: Fly out, F9 (Flyball, 89XD, EV 95.0 MPH)
|
Batting: RHB Shimei Miura
|
0-0: Ball 1-0: Called Strike 1-1: Ball 2-1: SOLO HOME RUN (Flyball, 7D, EV 105.0 MPH), Distance : 391 ft
|
Pitching: RHP Masaharu Sakata
|
|
Batting: RHB Carlos Rojas
|
0-0: Foul Ball, location: 2F 0-1: Swinging Strike 0-2: Ball 1-2: Strikes out swinging
|
Batting: RHB Manuel Guillama
|
0-0: Called Strike 0-1: Ground out 4-3 (Groundball, 4M, EV 87.5 MPH)
|
Bottom of the 5th over - 1 run, 1 hit, 0 errors, 0 left on base; Nashville 3 - Cleveland 7 |
TOP OF THE 6TH |
Nashville Outlaws batting - Pitching for Cleveland Browns : RHP Kelemeneke Balun
|
Batting: LHB Scott Kerin
|
0-0: Ball 1-0: Ball 2-0: Ball 3-0: Ground out 6-3 (Groundball, 6, EV 105.6 MPH)
|
Batting: LHB Mario Ramos
|
0-0: Ball 1-0: Called Strike 1-1: Called Strike 1-2: Ball 2-2: Foul Ball, location: 2F 2-2: Foul Ball, location: 2F 2-2: SINGLE (Line Drive, 7LS, EV 91.9 MPH)
|
Batting: LHB Tom Burton
|
0-0: Ball 1-0: DOUBLE (Flyball, 89XD, EV 113.8 MPH) Mario Ramos to third
|
Batting: RHB Arnold Giroux
|
0-0: Ball 1-0: Called Strike 1-1: Fly out, F8 (Flyball, 8RXD, EV 105.6 MPH) Runner from 3rd tags up, SCORES, no throw by CF Tom Burton to third
|
Batting: RHB Orlando Reyes
|
0-0: Ball 1-0: Swinging Strike 1-1: Called Strike 1-2: Ground out 5-3 (Groundball, 5, EV 105.0 MPH)
|
Top of the 6th over - 1 run, 2 hits, 0 errors, 1 left on base; Nashville 4 - Cleveland 7 |
BOTTOM OF THE 6TH |
Cleveland Browns batting - Pitching for Nashville Outlaws : RHP Masaharu Sakata
|
Batting: LHB Shigenobu Ohayashi
|
0-0: Called Strike 0-1: Ball 1-1: Ball 2-1: Ball 3-1: Foul Ball, location: 2F 3-2: Foul Ball, location: 2F 3-2: Strikes out looking
|
Batting: LHB Henry Madore
|
0-0: Foul Ball, location: 2F 0-1: SOLO HOME RUN (Flyball, 9LD, EV 105.6 MPH), Distance : 359 ft
|
Batting: RHB Felix Plugge
|
0-0: Swinging Strike 0-1: Ball 1-1: Ground out 6-3 (Groundball, 6, EV 88.8 MPH)
|
Batting: RHB Mario Álvarez
|
0-0: Ball 1-0: Ball 2-0: Foul Ball, location: 2F 2-1: Foul Ball, location: 2F 2-2: Ground out 4-3 (Groundball, 4, EV 85.6 MPH)
|
Bottom of the 6th over - 1 run, 1 hit, 0 errors, 0 left on base; Nashville 4 - Cleveland 8 |
TOP OF THE 7TH |
Nashville Outlaws batting - Pitching for Cleveland Browns : RHP Kelemeneke Balun
|
Batting: RHB Bryan Clifton
|
0-0: Ground out 1-3 (Groundball, P, EV 76.9 MPH)
|
Pitching: RHP Toshiki Yokoyama
|
|
Batting: LHB Bartolo Soto
|
0-0: Ball 1-0: Called Strike 1-1: Foul Ball, location: 2F 1-2: Fly out, F8 (Flyball, 89M, EV 88.1 MPH)
|
Batting: RHB Jerry Yates
|
0-0: Ball 1-0: Swinging Strike 1-1: Ball 2-1: Ground out 6-3 (Groundball, 6, EV 90.6 MPH)
|
Top of the 7th over - 0 runs, 0 hits, 0 errors, 0 left on base; Nashville 4 - Cleveland 8 |
BOTTOM OF THE 7TH |
Cleveland Browns batting - Pitching for Nashville Outlaws : RHP Masaharu Sakata
|
Batting: SHB Pedro Vázquez
|
0-0: Called Strike 0-1: Ball 1-1: Foul Ball, location: 2F 1-2: Ball 2-2: SINGLE (Groundball, 3S, EV 81.9 MPH) (infield hit)
|
Batting: RHB Rob Brooks
|
0-0: Ball 1-0: Ball 2-0: Fly out, F7 (Line Drive, 7D, EV 88.8 MPH)
|
Batting: RHB Shimei Miura
|
0-0: Ball 1-0: Reached on error, E9 (Flyball, 9LS, EV 83.8 MPH) Pedro Vázquez to second
|
Batting: RHB Carlos Rojas
|
0-0: Swinging Strike 0-1: Foul Ball, location: 2F 0-2: Ball 1-2: Ball 2-2: Ball 3-2: Strikes out swinging
|
Batting: RHB Manuel Guillama
|
0-0: Called Strike 0-1: Called Strike 0-2: Ball 1-2: Fielders Choice at 2nd, 6-4 (Groundball, 6, EV 84.4 MPH)
|
Bottom of the 7th over - 0 runs, 1 hit, 1 error, 2 left on base; Nashville 4 - Cleveland 8 |
TOP OF THE 8TH |
Nashville Outlaws batting - Pitching for Cleveland Browns : RHP Toshiki Yokoyama
|
Batting: RHB Javier Sierra
|
0-0: Ground out 1-3 (Groundball, 13, EV 68.1 MPH)
|
Batting: LHB Scott Kerin
|
0-0: Ball 1-0: Called Strike 1-1: Ball 2-1: Foul Ball, location: 2F 2-2: Ball 3-2: SINGLE (Groundball, 6D, EV 105.0 MPH)
|
Batting: LHB Mario Ramos
|
0-0: Called Strike 0-1: Ball 1-1: Ball 2-1: Fielders Choice at 2nd, 3-6 (Groundball, 3, EV 102.5 MPH)
|
Batting: LHB Tom Burton
|
0-0: Ball 1-0: Ball 2-0: SINGLE (Groundball, 34D, EV 105.6 MPH) Mario Ramos to second Runner from 2nd tries for 3rd, SAFE, no throw by RF
|
Pitching: RHP Martín García
|
|
Batting: RHB Arnold Giroux
|
0-0: Foul Ball, location: 2F 0-1: Ball 1-1: Swinging Strike 1-2: Foul Ball, location: 2F 1-2: Fly out, F9 (Line Drive, 9D, EV 91.9 MPH)
|
Top of the 8th over - 0 runs, 2 hits, 0 errors, 2 left on base; Nashville 4 - Cleveland 8 |
BOTTOM OF THE 8TH |
Cleveland Browns batting - Pitching for Nashville Outlaws : RHP Masaharu Sakata
|
Batting: LHB Shigenobu Ohayashi
|
0-0: Ball 1-0: Ball 2-0: Ball 3-0: Foul Ball, location: 2F 3-1: Base on Balls
|
Batting: LHB Henry Madore
|
0-0: Bunted foul 0-1: Bunted foul 0-2: SINGLE (Groundball, 4M, EV 104.4 MPH) Shigenobu Ohayashi to second Runner from 2nd tries for 3rd, SAFE, throw by CF made to third
|
Batting: RHB Felix Plugge
|
0-0: Ball 1-0: Fly out, F7 (Flyball, 7LS, EV 91.9 MPH)
|
Batting: RHB Mario Álvarez
|
0-0: Ball 1-0: Foul Ball, location: 2F 1-1: Ball 2-1: Called Strike 2-2: SINGLE (Groundball, 25, EV 67.5 MPH) (infield hit) Henry Madore to second
|
Pitching: RHP Francisco García
|
|
Batting: SHB Pedro Vázquez
|
0-0: Ball 1-0: Ball 2-0: Ball 3-0: Base on Balls Shigenobu Ohayashi scores Henry Madore to third Mario Álvarez to second
|
Batting: RHB Rob Brooks
|
0-0: Swinging Strike 0-1: Ball 1-1: Foul Ball, location: 2F Balk! Henry Madore scores Mario Álvarez to third Pedro Vázquez to second 1-2: Ball 2-2: Ball 3-2: Strikes out looking
|
Batting: RHB Shimei Miura
|
0-0: Ball 1-0: DOUBLE (Groundball, 5L, EV 105.0 MPH) Mario Álvarez scores Pedro Vázquez scores
|
Batting: RHB Carlos Rojas
|
0-0: Ball 1-0: Swinging Strike 1-1: Ball 2-1: Ball 3-1: Base on Balls
|
Batting: RHB Manuel Guillama
|
0-0: Foul Ball, location: 2F 0-1: Swinging Strike 0-2: Strikes out swinging
|
Bottom of the 8th over - 4 runs, 3 hits, 0 errors, 2 left on base; Nashville 4 - Cleveland 12 |
TOP OF THE 9TH |
Nashville Outlaws batting - Pitching for Cleveland Browns : RHP Martín García
|
Batting: RHB Orlando Reyes
|
0-0: Ball 1-0: Called Strike 1-1: Ball 2-1: Ball 3-1: Foul Ball, location: 2F 3-2: Foul Ball, location: 2F 3-2: Base on Balls
|
Batting: RHB Bryan Clifton
|
0-0: Ball 1-0: Ball 2-0: Ball 3-0: Called Strike 3-1: Base on Balls Orlando Reyes to second
|
Batting: LHB Bartolo Soto
|
0-0: Called Strike 0-1: Fly out, F7 (Flyball, 7S, EV 87.5 MPH)
|
Pinch Hitting: SHB Ryan Wood
|
0-0: Called Strike 0-1: Ball 1-1: Ball 2-1: SINGLE (Groundball, 3D, EV 102.5 MPH) Orlando Reyes to third Bryan Clifton to second
|
Pitching: LHP Powell Beauregard
|
|
Batting: RHB Javier Sierra
|
0-0: Ball 1-0: Swinging Strike 1-1: Fly out, F4 (Popup, 23, EV 83.1 MPH)
|
Batting: LHB Scott Kerin
|
0-0: Ball 1-0: Called Strike 1-1: Ball 2-1: Ball 3-1: Base on Balls Orlando Reyes scores Bryan Clifton to third Ryan Wood to second
|
Batting: LHB Mario Ramos
|
0-0: Swinging Strike 0-1: Ball 1-1: Foul Ball, location: 2F 1-2: Ball 2-2: Foul Ball, location: 2F 2-2: Strikes out swinging
|
Top of the 9th over - 1 run, 1 hit, 0 errors, 3 left on base; Nashville 5 - Cleveland 12 |
|